 Dungeon Crawl Stone Soup version 0.27.0-1-g7a089689b8 (webtiles) character file.

Game seed: 12750702138360264775

194 SnakkuSnakku7 the Skirmisher (level 5, -11/46 HPs)
             Began as a Ghoul Arcane Marksman on Aug 4, 2021.
             Was a Believer of Jiyva.
             Mangled by an orc warrior (24 damage)
             ... on level 3 of the Dungeon.
             The game lasted 00:02:39 (3320 turns).

SnakkuSnakku7 the Skirmisher (GhAM)                 Turns: 3320, Time: 00:02:39

Health: -11/46     AC:  2    Str: 14    XL:     5   Next: 73%
Magic:  5/5        EV: 12    Int:  9    God:    Jiyva [**....]
Gold:   32         SH:  0    Dex:  9    Spells: 5/6 levels left

rFire    . . .     SeeInvis .     - Unarmed
rCold    + . .     Faith    .   (no shield)
rNeg     + + +     Spirit   .   a - +0 robe
rPois    ∞         Reflect  .   (no helmet)
rElec    .         Harm     .   (no cloak)
rCorr    .         Rampage  .   (no gloves)
Will     .....                  (no boots)
Stlth    +.........             (no amulet)
HPRegen  0.00/turn              (no ring)
MPRegen  0.09/turn              (no ring)

@: inhibited regen
A: claws 1, cold resistance 1, negative energy resistance 3, inhibited
regeneration, torment resistance 2
a: Renounce Religion, Request Jelly


You were on level 3 of the Dungeon.
You worshipped Jiyva.
Jiyva was pleased with you.
You visited 1 branch of the dungeon, and saw 4 of its levels.

You collected 32 gold pieces.

Inventory:

Missiles
 b - 5 javelins (quivered)
 c - 2 throwing nets
Armour
 a - a +0 robe (worn)
Scrolls
 d - a scroll of teleportation {unknown}
 e - a scroll of identify {unknown}
 f - a scroll of amnesia {unknown}
Potions
 g - a potion of curing


   Skills:
 + Level 4.2 Fighting
 - Level 1.7 Throwing
 - Level 1.7 Dodging
 + Level 4.0 Unarmed Combat
 - Level 1.0 Spellcasting
 - Level 2.4 Hexes


You had 5 spell levels left.
You knew the following spells:

 Your Spells              Type           Power      Damage    Failure   Level
a - Corona                Hex            4%         N/A       14%         1

Your spell library contained the following spells:

 Spells                   Type           Power      Damage    Failure   Level
 Slow                     Hex            4%         N/A       22%         2
 Inner Flame              Hex/Fire       2%         N/A       56%         3
 Portal Projectile        Hex/Tloc       4%         N/A       56%         3
 Cause Fear               Hex            2%         N/A       80%         4


Dungeon Overview and Level Annotations

Branches:
Dungeon (4/15)             Temple (0/1) D:4

Altars:
Dithmenos
Jiyva


Innate Abilities, Weirdness & Mutations

You thrive by killing the living.
You are immune to poison.
You have sharp fingernails.
Your flesh is cold resistant. (rC+)
You are immune to negative energy. (rN+++)
You do not regenerate when monsters are visible.
You are immune to unholy pain and torment.


Message History

There is a stone staircase leading up here.
You see here a hobgoblin skeleton.
There is a stone staircase leading up here.
The orc warrior hits you with a +0 battleaxe!
You climb upwards.
There is a stone staircase leading down here.
You swap places.
You swap places.
The orc warrior hits the jelly with a +0 battleaxe!!
The jelly dies!
The jelly hits the orc warrior but does no damage.
Jiyva gurgles merrily.
The orc warrior barely misses you.
The orc warrior hits the jelly with a +0 battleaxe!
The acid corrodes the orc warrior!
The orc warrior is burned by acid!
The jelly closely misses the orc warrior.
You scratch the orc warrior.
The orc warrior is moderately wounded.
The orc warrior hits you with a +0 battleaxe!!
Ouch! That really hurt!
* * * LOW HITPOINT WARNING * * *
The orc warrior hits the jelly with a +0 battleaxe!
The jelly dies!
You swap places.
The orc warrior is no longer covered in acid.
The orc warrior hits the jelly with a +0 battleaxe!
The orc warrior is burned by acid!
The jelly barely misses the orc warrior.
There is an open door here.
The orc warrior hits the jelly with a +0 battleaxe!
The orc warrior is burned by acid!
The jelly hits the orc warrior but does no damage.
The orc warrior hits the jelly with a +0 battleaxe!!
The jelly dies!
Something closely misses the orc warrior.
Unknown command.
There is an open door here.
The orc warrior hits you with a +0 battleaxe!!
Ouch! That really hurt!
You die...

#.#.####.....###.###...'.######
#†#......#..#.J.....#..#.#
#.#......#..#.#...#.#..#.#
#.#.J#.#..##..#._.#..##..#
#....>...#..#.#...#J#..#.#
###..#.#.#..#.......#..#.#
#..#....J.J###.###.....#
#......#..#o......#..###
##.##..#..#.@.....#..#
#.##..###'###.###.### #.##..#
#.###.##..#
###.##..###.##..##.########
#.........................#
#.#.........##............#
#.###..####.##.##########.# #.#
#..# #.##.# #.#
####.###..####.##.# #.#


You could see an orc warrior and 2 neutral jellies (fellow slime).

Vanquished Creatures
  A hound (D:3)
  An orc priest (D:3)
  An adder (D:2)
  2 ball pythons (D:1)
  2 giant cockroaches (D:1)
  5 goblins (D:1)
  6 hobgoblins
  4 jackals (D:1)
  3 quokkas
  2 bats
  4 frilled lizards
  4 kobolds (D:1)
  3 rats
38 creatures vanquished.

Vanquished Creatures (others)
  A water moccasin (D:3)
  3 jellies (D:3)
  An orc wizard (D:3)
  An adder (D:3)
  A worm (D:3)
  An orc (D:3)
  6 ball pythons
  2 bats
  7 hobgoblins
  3 kobolds
  2 rats (D:2)
  6 plants (D:1)
34 creatures vanquished.

Grand Total: 72 creatures vanquished

Notes
Turn   | Place    | Note
-------+----------+-------------------------------------------
     0 | D:1      | SnakkuSnakku7 the Ghoul Arcane Marksman began the quest for
                  | the Orb.
     0 | D:1      | Reached XP level 1. HP: 16/16 MP: 1/1
   331 | D:1      | Reached skill level 1 in Unarmed Combat
   334 | D:1      | Reached XP level 2. HP: 20/24 MP: 2/2
  1057 | D:1      | Found a faded altar of an unknown god.
  1120 | D:1      | Became a worshipper of Jiyva Josett the Shapeless
  1120 | D:1      | Reached * piety under Jiyva
  1218 | D:1      | Reached XP level 3. HP: 23/29 MP: 3/3
  2252 | D:3      | Reached ** piety under Jiyva
  2296 | D:3      | Reached XP level 4. HP: 34/38 MP: 4/4
  2361 | D:3      | Found a shadowy altar of Dithmenos.
  2966 | D:4      | Found a staircase to the Ecumenical Temple.
  2971 | D:4      | Noticed a water moccasin
  2972 | D:4      | Noticed an orc warrior
  2994 | D:3      | Killed a water moccasin
  2995 | D:3      | Reached XP level 5. HP: 5/46 MP: 5/5
  3320 | D:3      | Mangled by an orc warrior

Illustrated notes

Levels and vault maps discovered:
D:1:      erik_arrival_triangle_medium, layout_loops_ring,
          dilly_ecumenical_altar_fadedgnrine
D:2:      layout_rooms
D:3:      layout_loops_ring, mainiacjoe_overflow_24_doors,
          corexii_item_surrounded_by_moat
D:4:      layout_gridville, minmay_temple_entry_junction

Skill      XL: |  1  2  3  4 |
---------------+-------------+-----
Unarmed Combat | 1 2 4 |  4.0
Fighting       | 2 3 4 |  4.2
Throwing       | |  1.7
Dodging        | |  1.7
Spellcasting   | |  1.0
Hexes          | |  2.4

Action                   |  1- 3 |  4- 6 || total
-------------------------+-------+-------++-------
Melee: Unarmed           |   152 |    30 ||   182
  Use: Potion            |       |     2 ||     2
 Stab: Sleeping          |     1 |       ||     1
Armor: Robe              |    31 |     7 ||    38
Dodge: Dodged            |    85 |    22 ||   107
